 Dungeon Crawl Stone Soup version 0.21-a0-321-g91e3373 (webtiles) character file.

680 MirrMurr the Charmwright (level 7, 0/55 HPs)
             Began as a Gnoll Skald on Sept 30, 2017.
             Succumbed to a scorpion's poison
             ... on level 4 of the Dungeon.
             The game lasted 00:12:03 (4467 turns).

MirrMurr the Charmwright (Gnoll Skald)              Turns: 4467, Time: 00:12:03

Health: 0/55       AC:  5    Str: 13    XL:     7   Next: 60%
Magic:  16/16      EV: 13    Int: 17    God:
Gold:   277        SH:  0    Dex: 15    Spells: 9/18 levels left

rFire    . . .     SeeInvis .   a - +0 spear
rCold    . . .     Gourm    .   (no shield)
rNeg     . . .     Faith    .   D - +0 ring mail
rPois    .         Spirit   .   (no helmet)
rElec    .         Reflect  .   (no cloak)
rCorr    .         Harm     .   (no gloves)
MR       .....                  (no boots)
Stlth    ++........             (no amulet)
HPRegen  0.18/turn              (no ring)
MPRegen  0.15/turn              (no ring)

@: lethally poisoned (0 -> -1), infused (expiring), flying
A: distributed training, fangs 1, strong nose
a: no special abilities


You were on level 4 of the Dungeon.
You were hungry.

You visited 1 branch of the dungeon, and saw 4 of its levels.

You collected 277 gold pieces.

Inventory:

Hand Weapons
 a - a +0 spear (weapon)
 b - a +1 hunting sling of flaming
 v - a +2 short sword of electrocution
Missiles
 d - a throwing net {!f}
 h - 165 stones (quivered)
 u - 43 sling bullets
 x - 9 poisoned needles
 y - 29 bolts
Armour
 q - a +0 chain mail
 r - a +2 chain mail of fire resistance
 D - a +0 ring mail (worn)
Jewellery
 o - a cursed -2 ring of intelligence {unknown}
 t - a +1 ring of protection {unknown}
 C - a cursed amulet of inaccuracy {unknown}
Scrolls
 e - 2 scrolls of magic mapping
 k - a scroll of fog {unknown}
 l - a scroll of enchant armour {unknown}
 p - a scroll of blinking
 s - a scroll of immolation {unknown}
 E - a scroll of identify
 F - a scroll of recharging {unknown}
Potions
 g - 2 potions of brilliance
 j - 2 potions of haste
 w - a potion of agility
Books
 c - a book of Battle

   Spells                             Type                      Level
   a - Infusion                       Charms                       1
   b - Shroud of Golubria             Charms/Translocation         2
   c - Song of Slaying                Charms                       2
   d - Spectral Weapon                Hexes/Charms                 3
   e - Regeneration                   Charms/Necromancy            3
Comestibles
 f - 4 fruits
 m - 2 royal jellies
 n - 3 meat rations
 z - 4 bread rations


   Skills:
 + Level 4.5 Fighting
 + Level 2.3 Short Blades
 + Level 0.8 Long Blades
 + Level 1.7 Axes
 + Level 1.3 Maces & Flails
 + Level 5.1 Polearms
 + Level 2.0 Staves
 + Level 3.5 Slings
 + Level 2.6 Bows
 + Level 2.0 Crossbows
 + Level 3.5 Throwing
 + Level 4.0 Armour
 + Level 5.5 Dodging
 + Level 2.6 Stealth
   Level 0.0 Stabbing
 + Level 2.8 Shields
   Level 0.0 Traps
 + Level 2.0 Unarmed Combat
 + Level 6.0 Spellcasting
 + Level 1.7 Conjurations
 + Level 2.0 Hexes
 + Level 7.1 Charms
 + Level 2.3 Summonings
 + Level 1.7 Necromancy
 + Level 2.8 Translocations
 + Level 2.6 Transmutations
 + Level 2.8 Fire Magic
 + Level 2.8 Ice Magic
 + Level 3.7 Air Magic
 + Level 2.6 Earth Magic
 + Level 0.8 Poison Magic
 + Level 0.8 Invocations
 + Level 2.6 Evocations


You had 9 spell levels left.
You knew the following spells:

 Your Spells              Type           Power        Failure   Level  Hunger
a - Infusion              Chrm           ####         1%          1    None
b - Spectral Weapon       Hex/Chrm       ###.....     12%         3    ##.....
c - Song of Slaying       Chrm           ####....     2%          2    None
r - Regeneration          Chrm/Necr      ###.......   13%         3    ##.....


Dungeon Overview and Level Annotations

Branches:
Dungeon (4/15)
 Temple: D:4-7

Altars:
Makhleb


Innate Abilities, Weirdness & Mutations

Your experience applies equally to all skills.
You have very sharp teeth.
Your uncanny sense of smell can sniff out nearby items.


Message History

* * * LOW HITPOINT WARNING * * *
You feel sick.
* * * LOW HITPOINT WARNING * * *
You feel sick.
* * * LOW HITPOINT WARNING * * *
You feel sick.
Unknown command.
* * * LOW HITPOINT WARNING * * *
You feel sick.
Unknown command.
* * * LOW HITPOINT WARNING * * *
You feel sick.
Unknown command.
Unknown command.
Unknown command.
Your magical infusion is running out.
* * * LOW HITPOINT WARNING * * *
You feel sick.
Unknown command.
You die...

#####.# #.# #.# #.#
#####.# ...##.############
##...............#
....#.##########.#
##.##.#### #@# #.......#
#.# ##.......# #.#
.........# #.########
#......._# #.......(#
#......).## ########+#*
#..<......# *,,∆*
#.........## *,,,*
#..#####...###########∆,,*


There were no monsters in sight!

Vanquished Creatures
  A phantom (D:4)
  A scorpion (D:4)
  A howler monkey (D:4)
  A hound (D:4)
  2 bullfrog skeletons (D:4)
  2 orc wizards (D:4)
  6 worker ants (D:4)
  7 gnolls
  4 adders
  2 oozes
  2 adder skeletons
  2 worms (D:2)
  2 dart slugs
  4 leopard geckos
  11 orcs
  8 bats
  5 giant cockroaches
  9 hobgoblins
  9 jackals
  3 quokkas
  A ball python (D:3)
  3 frilled lizards
  11 goblins
  2 kobolds
  2 rats
101 creatures vanquished.

Notes
Turn   | Place    | Note
-------+----------+-------------------------------------------
     0 | D:1      | MirrMurr the Gnoll Skald began the quest for the Orb.
     0 | D:1      | Reached XP level 1. HP: 20/20 MP: 6/6
   105 | D:1      | Reached skill level 1 in Earth Magic
   206 | D:1      | Reached skill level 1 in Ice Magic
   206 | D:1      | Reached XP level 2. HP: 21/26 MP: 7/7
   248 | D:1      | Reached skill level 1 in Fire Magic
   252 | D:1      | Reached skill level 1 in Air Magic
   255 | D:1      | Reached skill level 1 in Shields
   267 | D:1      | Learned a level 2 spell: Song of Slaying
   431 | D:1      | Reached skill level 1 in Evocations
   432 | D:1      | Reached skill level 5 in Spellcasting
   436 | D:1      | Reached skill level 1 in Conjurations
   436 | D:1      | Reached XP level 3. HP: 19/31 MP: 1/9
   459 | D:1      | Reached skill level 1 in Throwing
   901 | D:2      | Reached skill level 1 in Slings
  1010 | D:2      | Reached skill level 1 in Staves
  1023 | D:2      | Reached skill level 1 in Maces & Flails
  1024 | D:2      | Reached skill level 1 in Crossbows
  1031 | D:2      | Reached XP level 4. HP: 33/38 MP: 6/11
  1274 | D:2      | Reached skill level 1 in Translocations
  1508 | D:2      | Reached skill level 1 in Unarmed Combat
  2153 | D:3      | Reached XP level 5. HP: 40/43 MP: 12/12
  2246 | D:3      | Reached skill level 1 in Summonings
  2352 | D:3      | Reached skill level 1 in Hexes
  2400 | D:3      | Learned a level 3 spell: Spectral Weapon
  2404 | D:3      | Learned a level 3 spell: Regeneration
  2492 | D:3      | Reached skill level 1 in Transmutations
  2617 | D:4      | Reached skill level 1 in Axes
  2617 | D:4      | Reached skill level 5 in Dodging
  2617 | D:4      | Reached skill level 1 in Stealth
  2622 | D:4      | Noticed a phantom
  2652 | D:4      | Killed a phantom
  2652 | D:4      | Reached skill level 1 in Short Blades
  2652 | D:4      | Reached XP level 6. HP: 9/49 MP: 7/14
  3060 | D:4      | Reached skill level 1 in Necromancy
  3091 | D:4      | Reached skill level 5 in Polearms
  3121 | D:4      | Found a burning altar of Makhleb.
  3501 | D:4      | Reached skill level 1 in Bows
  3641 | D:4      | Reached XP level 7. HP: 46/55 MP: 15/15
  3776 | D:4      | Reached skill level 7 in Charms
  4449 | D:4      | HP: 2/55 [poisoned by a scorpion]
  4455 | D:4      | HP: 1/55 [poisoned by a scorpion]
  4463 | D:4      | HP: 1/55 [poisoned by a scorpion]
  4467 | D:4      | Succumbed to a scorpion's poison

Vault maps used:
D:1:      dpeg_arrival_prison
D:3:      guppyfry_early_orc_mine
D:4:      overflow_temple_1_default, first_bread, kennysheep_decorative_pillar,
          minmay_ogre_servants

Skill      XL: |  1  2  3  4  5  6  7 |
---------------+----------------------+-----
Earth Magic    | 1 2 |  2.6
Ice Magic      | 1 2 |  2.8
Fire Magic     | 1 2 |  2.8
Air Magic      | 1 2 3 |  3.7
Shields        | 1 2 |  2.8
Evocations     | 1 2 |  2.6
Spellcasting   | 5 6 |  6.0
Conjurations   | 1 |  1.7
Throwing       | 1 2 3 |  3.5
Slings         | 1 2 3 |  3.5
Staves         | 1 2 |  2.0
Maces & Flails | 1 |  1.3
Crossbows      | 1 2 |  2.0
Translocations | 1 2 |  2.8
Unarmed Combat | 1 2 |  2.0
Armour         | 3 4 |  4.0
Summonings     | 1 2 |  2.3
Hexes          | 1 2 |  2.0
Transmutations | 1 2 |  2.6
Axes           | 1 |  1.7
Dodging        | 5 |  5.5
Stealth        | 1 2 |  2.6
Short Blades   | 1 2 |  2.3
Necromancy     | 1 |  1.7
Polearms       | 5 |  5.1
Bows           | 2 |  2.6
Charms         | 7 |  7.1
Fighting       | |  4.5
Long Blades    | |  0.8
Poison Magic   | |  0.8
Invocations    | |  0.8

Action                   |  1- 3 |  4- 6 |  7- 9 || total
-------------------------+-------+-------+-------++-------
Melee: Spear             |   110 |   136 |    91 ||   337
       Bite              |     6 |    10 |    11 ||    27
       Punch             |       |     1 |     2 ||     3
 Fire: Hunting sling     |       |   135 |    11 ||   146
 Cast: Infusion          |     3 |     4 |     2 ||     9
       Spectral Weapon   |       |     3 |     3 ||     6
  Use: Scroll            |     2 |     4 |       ||     6
       Potion            |       |     1 |     3 ||     4
 Stab: Sleeping          |     1 |     1 |       ||     2
       Distracted        |     1 |       |       ||     1
  Eat: Chunk             |       |     9 |     2 ||    11
Armor: Leather armour    |    13 |     9 |       ||    22
       Ring mail         |       |    16 |    12 ||    28
Dodge: Dodged            |    58 |    95 |    46 ||   199

Table legend:
 A = Spawn XP
 B = Non-spawn XP
 C = Spawn XP percentage of total XP
 D = Spawn monster count
 E = Non-spawn monster count
 F = Spawn count percentage of total count
 G = Total turns spent on level
                    A         B        C        D         E        F      G
               +---------+---------+-------+---------+---------+-------+---------
         Total |       0 |     972 |   0.0 |       0 |     101 |   0.0 |  4467
               +---------+---------+-------+---------+---------+-------+---------
           D:1 |       0 |      50 |   0.0 |       0 |      23 |   0.0 |   886
           D:2 |       0 |      73 |   0.0 |       0 |      23 |   0.0 |   831
           D:3 |       0 |     115 |   0.0 |       0 |      23 |   0.0 |   864
           D:4 |       0 |     734 |   0.0 |       0 |      32 |   0.0 |  1886
               +---------+---------+-------+---------+---------+-------+---------
